 Dungeon Crawl Stone Soup version 0.27.0-1-g7a089689b8 (webtiles) character file.

Game seed: 14328436366222413260

4 Spaninq the Ducker (level 1, 0/10 HPs)
             Began as a Felid Abyssal Knight on Aug 9, 2021.
             Was a Follower of Lugonu.
             Slain by a ball python (2 damage)
             ... on level 1 of the Dungeon.
             The game lasted 00:00:32 (184 turns).

Spaninq the Ducker (Felid Abyssal Knight)            Turns: 184, Time: 00:00:33

Health: 0/10       AC:  1    Str:  8    XL:     1   Next: 58%
Magic:  3/3        EV: 17    Int: 13    God:    Lugonu [*.....]
Gold:   26         SH:  0    Dex: 15    Spells: 0/0 levels left
                                        Lives:  0   Deaths: 0

rFire    . . .     SeeInvis +     - Unarmed
rCold    . . .     Faith    .   (shield unavailable)
rNeg     . . .     Spirit   .   (armour unavailable)
rPois    .         Reflect  .   (helmet unavailable)
rElec    .         Harm     .   (cloak unavailable)
rCorr    .         Rampage  .   (gloves unavailable)
Will     .....                  (boots unavailable)
Stlth    +.........             (no amulet)
HPRegen  0.03/turn              (no ring)
MPRegen  0.08/turn              (no ring)

@: quick
A: very small, claws 1, fangs 3, see invisible, speed 1, shaggy fur 1, stealthy
paws, no weapons or thrown items, no armour, multi-lived
a: Renounce Religion, Depart the Abyss


You were on level 1 of the Dungeon.
You worshipped Lugonu.
Lugonu was aware of your devotion.
You visited 1 branch of the dungeon, and saw 1 of its levels.
You visited the Abyss 1 time.

You collected 26 gold pieces.

You aren't carrying anything.


   Skills:
 + Level 3.0 Fighting
 + Level 3.3 Dodging
 * Level 2.2 Unarmed Combat
 - Level 1.7 Invocations


You couldn't memorise any spells.
You didn't know any spells.
Your spell library was empty.

Dungeon Overview and Level Annotations

Branches:
Dungeon (1/15)

Altars:


Innate Abilities, Weirdness & Mutations

You have sharp claws.
You have razor-sharp teeth.
You have supernaturally acute eyesight. (SInv)
You cover ground quickly. (Speed+)
You are covered in fur. (AC +1)
Your paws help you pounce on unaware monsters.
You are incapable of wielding weapons or throwing items.
You cannot wear armour.
You gain extra lives every three experience levels.


Message History

You barely miss the jackal. The jackal closely misses you.
You barely miss the jackal. You bite the jackal, but do no damage.
The jackal barely misses you.
You closely miss the jackal. The jackal completely misses you. x2
You scratch the jackal.
The jackal is severely wounded.
The jackal bites you but does no damage.
You closely miss the jackal.
The jackal is severely wounded.
The jackal misses you.
You scratch the jackal but do no damage.
You claw the jackal.
The jackal is almost dead.
The jackal misses you. x2
You scratch the jackal.
You kill the jackal!
Lugonu accepts your kill.
You barely miss the jackal. The jackal misses you. The jackal bites you.
You miss the jackal. You bite the jackal.
The jackal is lightly wounded.
The jackal closely misses you.
You scratch the jackal.
The jackal is almost dead.
The jackal completely misses you.
You closely miss the jackal.
The jackal is almost dead.
The jackal closely misses you. x2
You scratch the jackal but do no damage.
The jackal is severely wounded.
The jackal misses you.
You scratch the jackal.
You kill the jackal!
Lugonu accepts your kill. The ball python bites you.
* * * LOW HITPOINT WARNING * * *
The ball python misses you.
You scratch the ball python.
The ball python is severely wounded.
The ball python bites you.
You die...

#####...#....#
.............#
####....#....# ######
........#....######....#
.####...####...........#
#.....<......####.....#
..........##.......#####
..........#...######
..........#@#.#
..........#S#.#
.#..........#.##
#.............#
#.............##.
#.............[...
##.##..#...##......
##.#.....### ##.###
#..#.#..## .#


You could see a ball python.

Vanquished Creatures
  2 jackals (D:1)
  A bat (D:1)
  2 rats (D:1)
5 creatures vanquished.

Vanquished Creatures (others)
  A demonic plant (D:1)
1 creature vanquished.

Grand Total: 6 creatures vanquished

Notes
Turn   | Place    | Note
-------+----------+-------------------------------------------
     0 | Abyss:1  | Spaninq the Felid Abyssal Knight began the quest for the
                  | Orb.
     0 | Abyss:1  | Reached XP level 1. HP: 10/10 MP: 3/3
    92 | Abyss:1  | Noticed a large abomination
    96 | Abyss:1  | Noticed a small abomination
    99 | D:1      | Escaped the Abyss
   184 | D:1      | Slain by a ball python

Illustrated notes

Levels and vault maps discovered:
D:1:      dpeg_arrival_tiny_a, layout_rooms, shapermc_ecumenical_altar_gd,
          dk_noncrumbling_4, amcnicky_mini_corridor_feature

Action                   || total
-------------------------++-------
Melee: Unarmed           ||    20
       Bite              ||     2
       Punch             ||     1
 Stab: Sleeping          ||     1
Armor: Skin              ||     3
Dodge: Dodged            ||    30
